Winnipeg Jets vs Calgary Flames
(R1)
Created - Monday, March 13, 2023 at 09:23
Goals
|
| Winnipeg Jets |
0 |
1 |
0 |
1 |
2 |
| Calgary Flames |
0 |
1 |
0 |
0 |
1 |
|
Shots
|
| Winnipeg Jets |
15 |
10 |
13 |
1 |
39 |
| Calgary Flames |
11 |
9 |
15 |
0 |
35 |
|
1st period
No Goal
Penalties :
Jeremy Lauzon (CGY) for Holding (Minor) at 3:33, Aaron Ekblad (WPG) for Holding (Minor) at 8:16, Mark Stone (WPG) for Holding (Minor) at 11:28
2nd period
1. Winnipeg Jets , Connor McDavid 1 (Ryan Nugent-Hopkins 1, Seth Jones 1) at 0:16
2. Calgary Flames , Logan Couture 1 (Ryan McDonagh 1, Kevin Fiala 1) at 6:29 (PP)
Penalties :
Connor McDavid (WPG) for Holding (Minor) at 5:52, J.T. Miller (CGY) for Holding (Minor) at 6:53, Jeremy Lauzon (CGY) for Holding Stick (Minor) at 9:05, Sebastian Aho (CGY) for High sticking (Minor) at 11:57, Dylan Larkin (WPG) for Tripping (Minor) at 13:27, J.T. Miller (CGY) for High sticking (Minor) at 16:07
3rd period
No Goal
Penalties :
Drew Doughty (CGY) for Elbowing (Minor) at 0:36, Aaron Ekblad (WPG) for Roughing (Minor) at 9:20
Overtime #1
3. Winnipeg Jets , Mathew Barzal 1 (Brandon Montour 1, Dylan Larkin 1) at 0:48
Penalties :
No Penalty
Goalie Stats
Connor Hellebuyck (WPG), 34 saves from 35 shots - (0.971), W, 1-0-0, 60:48 minutes
Thatcher Demko (CGY), 37 saves from 39 shots - (0.949), OTL, 0-0-1, 60:48 minutes
Players Stats for Winnipeg Jets
Player Name G A P +/- PIM S H SB GA TA FO MP PP MP PK MP
------------------------------------------------------------------------------------
Aaron Ekblad 0 0 0 1 4 0 2 2 1 2 0/0 27:49 6:53 2:26
Andrew Cogliano 0 0 0 1 0 0 0 0 0 0 0/0 1:17 0:02 0:00
Andrew Copp 0 0 0 1 0 0 1 0 0 0 0/1 17:21 5:53 0:00
Brandon Montour 0 1 1 1 0 2 0 1 0 1 0/0 21:11 4:32 2:51
Connor McDavid 1 0 1 1 2 3 0 0 1 0 22/37 26:20 5:53 4:01
Dylan Larkin 0 1 1 0 2 3 2 0 0 0 11/17 19:07 5:29 1:38
Jacob Trouba 0 0 0 1 0 2 1 1 0 0 0/0 21:01 4:32 2:46
John Klingberg 0 0 0 0 0 0 0 1 0 1 0/0 12:20 0:00 2:28
Jonathan Marchessault 0 0 0 0 0 1 0 1 1 0 0/2 8:22 0:00 2:00
Kevin Shattenkirk 0 0 0 0 0 0 0 0 0 0 0/0 10:21 0:00 0:24
Kyle Palmieri 0 0 0 0 0 3 2 2 0 0 0/1 10:33 0:00 0:00
Mark Stone 0 0 0 0 2 4 1 0 0 0 0/0 16:45 5:30 0:00
Mathew Barzal 1 0 1 1 0 4 2 0 0 0 0/0 13:41 0:02 1:33
Nick Suzuki 0 0 0 0 0 7 1 1 1 0 6/9 13:35 0:00 2:18
Pius Suter 0 0 0 0 0 0 0 1 0 0 1/3 5:13 0:02 0:00
Ryan Nugent-Hopkins 0 1 1 1 0 2 2 0 0 0 1/3 23:07 5:53 4:38
Seth Jones 0 1 1 1 0 2 1 3 0 0 0/0 29:45 6:53 5:13
Tyler Toffoli 0 0 0 0 0 6 1 0 0 1 1/1 16:46 5:30 0:00
Players Stats for Calgary Flames
Player Name G A P +/- PIM S H SB GA TA FO MP PP MP PK MP
------------------------------------------------------------------------------------
Drew Doughty 0 0 0 -1 2 2 0 4 0 0 0/0 28:34 4:30 4:39
Garnet Hathaway 0 0 0 0 0 1 0 0 1 0 0/0 4:46 0:00 0:00
J.T. Miller 0 0 0 -1 4 6 2 1 1 1 13/30 24:23 4:06 4:04
Jeff Petry 0 0 0 -1 0 1 1 0 0 0 0/0 21:45 3:34 5:28
Jeremy Lauzon 0 0 0 0 4 0 2 1 0 0 0/0 10:44 0:00 1:18
Joel Eriksson Ek 0 0 0 0 0 1 2 1 0 0 0/6 11:35 0:02 0:41
Kevin Fiala 0 1 1 0 0 0 0 0 0 1 0/0 12:23 3:03 0:00
Logan Couture 1 0 1 -1 0 2 3 0 0 0 14/21 15:20 3:03 2:45
Mathieu Joseph 0 0 0 0 0 0 0 0 0 0 0/0 10:27 0:02 0:00
Max Pacioretty 0 0 0 0 0 2 1 0 1 0 0/2 9:08 0:53 3:08
Nic Dowd 0 0 0 0 0 0 1 0 0 0 2/7 4:46 0:00 0:00
Ryan Ellis 0 0 0 0 0 0 0 1 0 0 0/0 9:10 0:00 0:00
Ryan McDonagh 0 1 1 -1 0 3 1 1 0 1 0/0 29:53 4:30 5:57
Sebastian Aho 0 0 0 -1 2 7 2 0 1 0 1/3 25:06 4:59 4:44
Timo Meier 0 0 0 -2 0 2 2 0 0 0 2/4 23:12 4:06 4:06
Travis Sanheim 0 0 0 -1 0 4 0 0 0 1 0/0 21:45 3:34 5:28
Valeri Nichushkin 0 0 0 0 0 4 0 0 0 0 0/1 15:57 3:03 2:51
Zach Hyman 0 0 0 0 0 0 0 0 1 0 0/0 12:18 0:55 0:31
3 Stars
1 - Connor Hellebuyck (WPG)
2 - Thatcher Demko (CGY)
3 - Mathew Barzal (WPG)
Power Play
Winnipeg Jets - 0 on 6 Attempt(s) - 0.00%
Calgary Flames - 1 on 5 Attempt(s) - 20.00%
Penalty Kill
Winnipeg Jets - 4 on 5 Attempt(s) - 80.00%
- Score 0 goal in Penalty Kill
Calgary Flames - 6 on 6 Attempt(s) - 100.00%
- Score 0 goal in Penalty Kill
Team Stat
Winnipeg Jets - Hits : 16 - Faceoff Wins : 42 - Blocked Shots : 13 - Penalty Minutes : 10
Calgary Flames - Hits : 17 - Faceoff Wins : 32 - Blocked Shots : 9 - Penalty Minutes : 12
Official
Referees : Dave Lewis and Kyle Rehman
Linesman : Brian Murphy and Ryan Gibbons
Game Notes
No Game Note
Finance
Level 1 -- Attendance: 5063 (84.38%) -- Ticket Income $506,300
Level 2 -- Attendance: 4069 (81.38%) -- Ticket Income $244,140
Level 3 -- Attendance: 2971 (99.03%) -- Ticket Income $103,985
Level 4 -- Attendance: 3790 (75.80%) -- Ticket Income $94,750
Luxury Box -- Attendance: 841 (84.10%) -- Ticket Income $168,200
Game was played at the Scotiabank Saddledome.
Total Attendance: 16734 (83.67%)
Total Ticket Income: $1,117,375
Other Income: $391,081
Total Income: $1,508,456
Winnipeg Jets
5 vs 5 Forward
Center Left Wing Right Wing Time % Phy DF OF
1 Connor McDavid Ryan Nugent-Hopkins Andrew Copp 40 1 2 2
2 Dylan Larkin Tyler Toffoli Mark Stone 30 1 2 2
3 Nick Suzuki Mathew Barzal Kyle Palmieri 20 1 2 2
4 Pius Suter Jonathan Marchessault Connor McDavid 10 1 2 2
5 vs 5 Defense
Defense Defense Time % Phy DF OF
1 Aaron Ekblad Seth Jones 40 1 2 2
2 Brandon Montour Jacob Trouba 30 1 2 2
3 Kevin Shattenkirk John Klingberg 20 1 2 2
4 Aaron Ekblad Seth Jones 10 1 2 2
PowerPlay Forward
Center Left Wing Right Wing Time % Phy DF OF
1 Connor McDavid Ryan Nugent-Hopkins Andrew Copp 60 1 2 2
2 Dylan Larkin Tyler Toffoli Mark Stone 40 1 2 2
PowerPlay Defense
Defense Defense Time % Phy DF OF
1 Aaron Ekblad Seth Jones 60 1 2 2
2 Brandon Montour Jacob Trouba 40 1 2 2
Penalty Kill 4 Players Forward
Center Wing Time % Phy DF OF
1 Connor McDavid Ryan Nugent-Hopkins 60 1 2 2
2 Dylan Larkin Nick Suzuki 40 1 2 2
Penalty Kill 4 Players Defense
Defense Defense Time % Phy DF OF
1 Aaron Ekblad Seth Jones 60 1 2 2
2 Brandon Montour Jacob Trouba 40 1 2 2
Penalty Kill - 3 Players Forward
Forward Time % Phy DF OF
1 Connor McDavid 60 1 2 2
2 Ryan Nugent-Hopkins 40 1 2 2
Penalty Kill - 3 Players Defense
Defense Defense Time % Phy DF OF
1 Aaron Ekblad Seth Jones 60 1 2 2
2 Brandon Montour Jacob Trouba 40 1 2 2
4 vs 4 Forward
Center Wing Time % Phy DF OF
1 Connor McDavid Ryan Nugent-Hopkins 60 1 2 2
2 Dylan Larkin Nick Suzuki 40 1 2 2
4 vs 4 Defense
Defense Defense Time % Phy DF OF
1 Aaron Ekblad Seth Jones 60 1 2 2
2 Brandon Montour Jacob Trouba 40 1 2 2
Last Minutes Offensive
Center Left Wing Right Wing Defense Defense
Connor McDavid Ryan Nugent-Hopkins Andrew Copp Aaron Ekblad Seth Jones
Last Minutes Defensive
Center Left Wing Right Wing Defense Defense
Connor McDavid Ryan Nugent-Hopkins Andrew Copp Aaron Ekblad Seth Jones
Goaltenders
Starting : Connor Hellebuyck
Backup : Jake Allen
Extra Forwards
Normal : Andrew Cogliano, Mathew Barzal, Jonathan Marchessault - PP : Andrew Cogliano, Mathew Barzal - PK : Jonathan Marchessault
Extra Defensemen
Normal : Kevin Shattenkirk, John Klingberg, Brandon Montour - PP : Kevin Shattenkirk - PK : John Klingberg, Brandon Montour
Penalty Shots
Connor McDavid, Ryan Nugent-Hopkins, Dylan Larkin, Nick Suzuki, Andrew Copp
Calgary Flames
5 vs 5 Forward
Center Left Wing Right Wing Time % Phy DF OF
1 J.T. Miller Sebastian Aho Timo Meier 40 1 2 2
2 Logan Couture Valeri Nichushkin Kevin Fiala 30 1 2 2
3 Joel Eriksson Ek Zach Hyman Mathieu Joseph 20 1 2 2
4 Nic Dowd Max Pacioretty Garnet Hathaway 10 1 2 2
5 vs 5 Defense
Defense Defense Time % Phy DF OF
1 Ryan McDonagh Drew Doughty 40 1 2 2
2 Jeff Petry Travis Sanheim 30 1 2 2
3 Ryan Ellis Jeremy Lauzon 20 1 2 2
4 Ryan McDonagh Drew Doughty 10 1 2 2
PowerPlay Forward
Center Left Wing Right Wing Time % Phy DF OF
1 J.T. Miller Sebastian Aho Timo Meier 60 1 2 2
2 Logan Couture Valeri Nichushkin Kevin Fiala 40 1 2 2
PowerPlay Defense
Defense Defense Time % Phy DF OF
1 Ryan McDonagh Drew Doughty 60 1 2 2
2 Jeff Petry Travis Sanheim 40 1 2 2
Penalty Kill 4 Players Forward
Center Wing Time % Phy DF OF
1 J.T. Miller Sebastian Aho 60 1 2 2
2 Logan Couture Timo Meier 40 1 2 2
Penalty Kill 4 Players Defense
Defense Defense Time % Phy DF OF
1 Ryan McDonagh Drew Doughty 60 1 2 2
2 Jeff Petry Travis Sanheim 40 1 2 2
Penalty Kill - 3 Players Forward
Forward Time % Phy DF OF
1 J.T. Miller 60 1 2 2
2 Sebastian Aho 40 1 2 2
Penalty Kill - 3 Players Defense
Defense Defense Time % Phy DF OF
1 Ryan McDonagh Drew Doughty 60 1 2 2
2 Jeff Petry Travis Sanheim 40 1 2 2
4 vs 4 Forward
Center Wing Time % Phy DF OF
1 J.T. Miller Sebastian Aho 60 1 2 2
2 Logan Couture Timo Meier 40 1 2 2
4 vs 4 Defense
Defense Defense Time % Phy DF OF
1 Ryan McDonagh Drew Doughty 60 1 2 2
2 Jeff Petry Travis Sanheim 40 1 2 2
Last Minutes Offensive
Center Left Wing Right Wing Defense Defense
J.T. Miller Sebastian Aho Timo Meier Ryan McDonagh Drew Doughty
Last Minutes Defensive
Center Left Wing Right Wing Defense Defense
J.T. Miller Sebastian Aho Timo Meier Ryan McDonagh Drew Doughty
Goaltenders
Starting : Thatcher Demko
Backup : Sam Montembeault
Extra Forwards
Normal : Joel Eriksson Ek, Zach Hyman, Max Pacioretty - PP : Joel Eriksson Ek, Zach Hyman - PK : Max Pacioretty
Extra Defensemen
Normal : Ryan Ellis, Jeremy Lauzon, Jeff Petry - PP : Ryan Ellis - PK : Jeremy Lauzon, Jeff Petry
Penalty Shots
J.T. Miller, Sebastian Aho, Logan Couture, Timo Meier, Valeri Nichushkin
% Time on Ice - Winnipeg Jets
Lines # - Real PCT - Wanted PCT - Time Play
Normal Forward
1 - 33% - 40% - 13:09
2 - 30% - 30% - 11:57
3 - 26% - 20% - 10:33
4 - 11% - 10% - 4:23
Normal Defense
1 - 40% - 40% - 16:05
2 - 34% - 30% - 13:45
3 - 24% - 20% - 9:41
4 - 1% - 10% - 0:31
PP Forward
1 - 52% - 60% - 5:55
2 - 48% - 40% - 5:30
PP Defense
1 - 60% - 60% - 6:53
2 - 40% - 40% - 4:32
PK Forward
1 - 71% - 60% - 5:46
2 - 29% - 40% - 2:18
PK Defense
1 - 66% - 60% - 5:18
2 - 34% - 40% - 2:46
PK3 Forward
1 - 0% - 60%
2 - 0% - 40%
PK3 Defense
1 - 0% - 60%
2 - 0% - 40%
44 Forward
1 - 96% - 60% - 1:14
2 - 4% - 40% - 0:03
44 Defense
1 - 87% - 60% - 1:07
2 - 13% - 40% - 0:10
Last Minute Offensive - 0:00
Last Minute Defensive - 0:00
Total
Forward - 60:48
Defense - 60:48
|
% Time on Ice - Calgary Flames
Lines # - Real PCT - Wanted PCT - Time Play
Normal Forward
1 - 39% - 40% - 15:44
2 - 24% - 30% - 9:25
3 - 25% - 20% - 10:07
4 - 12% - 10% - 4:46
Normal Defense
1 - 41% - 40% - 16:13
2 - 31% - 30% - 12:23
3 - 23% - 20% - 9:02
4 - 6% - 10% - 2:24
PP Forward
1 - 62% - 60% - 5:01
2 - 38% - 40% - 3:03
PP Defense
1 - 56% - 60% - 4:30
2 - 44% - 40% - 3:34
PK Forward
1 - 76% - 60% - 8:40
2 - 24% - 40% - 2:45
PK Defense
1 - 52% - 60% - 5:57
2 - 48% - 40% - 5:28
PK3 Forward
1 - 0% - 60%
2 - 0% - 40%
PK3 Defense
1 - 0% - 60%
2 - 0% - 40%
44 Forward
1 - 91% - 60% - 1:10
2 - 9% - 40% - 0:07
44 Defense
1 - 74% - 60% - 0:57
2 - 26% - 40% - 0:20
Last Minute Offensive - 0:00
Last Minute Defensive - 0:00
Total
Forward - 60:48
Defense - 60:48
|
Play-by-Play
1st period
0:01 of 1st period - J.T. Miller wins face-off versus Ryan Nugent-Hopkins in neutral zone.
0:09 of 1st period - Slapshot by Ryan Nugent-Hopkins.
0:09 of 1st period - Stopped by Thatcher Demko without a rebound.
0:10 of 1st period - Connor McDavid wins face-off versus J.T. Miller in Calgary Flames zone.
0:47 of 1st period - Wrist shot by Sebastian Aho.
0:47 of 1st period - Shot Misses the Net.
0:49 of 1st period - Snap shot by Sebastian Aho.
0:49 of 1st period - Stopped by Connor Hellebuyck with a rebound.
0:51 of 1st period - Slapshot by Ryan McDonagh.
0:51 of 1st period - Stopped by Connor Hellebuyck without a rebound.
0:52 of 1st period - Logan Couture wins face-off versus Dylan Larkin in Winnipeg Jets zone.
0:53 of 1st period - Snap shot by Valeri Nichushkin.
0:53 of 1st period - Stopped by Connor Hellebuyck without a rebound.
0:54 of 1st period - Logan Couture wins face-off versus Dylan Larkin in Winnipeg Jets zone.
0:55 of 1st period - Slapshot by Kevin Fiala.
0:55 of 1st period - Shot Misses the Net.
1:10 of 1st period - Slapshot by Dylan Larkin.
1:10 of 1st period - Stopped by Thatcher Demko with a rebound.
2:02 of 1st period - Wrist shot by Sebastian Aho.
2:02 of 1st period - Stopped by Connor Hellebuyck without a rebound.
2:03 of 1st period - Dylan Larkin wins face-off versus J.T. Miller in Winnipeg Jets zone.
2:14 of 1st period - Snap shot by Mark Stone.
2:14 of 1st period - Stopped by Thatcher Demko without a rebound.
2:15 of 1st period - Nick Suzuki wins face-off versus Logan Couture in Calgary Flames zone.
2:26 of 1st period - Snap shot by Mathew Barzal.
2:26 of 1st period - Shot Blocked by Ryan Ellis.
2:28 of 1st period - Slapshot by Aaron Ekblad.
2:28 of 1st period - Shot Misses the Net.
2:42 of 1st period - Andrew Copp is hit by Jeremy Lauzon and loses puck.
2:51 of 1st period - Ryan McDonagh is hit by Ryan Nugent-Hopkins and loses puck.
3:06 of 1st period - Wrist shot by Mark Stone.
3:06 of 1st period - Deflect By Dylan Larkin.
3:06 of 1st period - Stopped by Thatcher Demko with a rebound.
3:08 of 1st period - Wrist shot by Dylan Larkin.
3:08 of 1st period - Shot Blocked by Drew Doughty.
3:10 of 1st period - Slapshot by Jacob Trouba.
3:10 of 1st period - Stopped by Thatcher Demko without a rebound.
3:11 of 1st period - Connor McDavid wins face-off versus Logan Couture in Calgary Flames zone.
3:33 of 1st period - Minor Penalty to Jeremy Lauzon for Holding.
3:34 of 1st period - Connor McDavid wins face-off versus J.T. Miller in Calgary Flames zone.
4:14 of 1st period - J.T. Miller is hit by Tyler Toffoli and loses puck.
4:25 of 1st period - Andrew Copp is hit by Logan Couture and loses puck.
4:36 of 1st period - Slapshot by Logan Couture.
4:36 of 1st period - Shot Blocked by Brandon Montour.
4:38 of 1st period - Slapshot by Drew Doughty.
4:38 of 1st period - Deflect By Timo Meier.
4:38 of 1st period - Stopped by Connor Hellebuyck with a rebound.
5:33 of 1st period - Penalty to Jeremy Lauzon is over, Jeremy Lauzon is back on ice.
5:46 of 1st period - Slapshot by Joel Eriksson Ek.
5:46 of 1st period - Shot Misses the Net.
5:56 of 1st period - Mathieu Joseph is hit by Nick Suzuki and loses puck.
6:03 of 1st period - Aaron Ekblad is hit by Joel Eriksson Ek and loses puck.
6:12 of 1st period - Wrist shot by Nick Suzuki.
6:12 of 1st period - Stopped by Thatcher Demko with a rebound.
6:14 of 1st period - Snap shot by Nick Suzuki.
6:14 of 1st period - Stopped by Thatcher Demko without a rebound.
6:15 of 1st period - Logan Couture wins face-off versus Pius Suter in Calgary Flames zone.
6:46 of 1st period - Slapshot by Max Pacioretty.
6:46 of 1st period - Stopped by Connor Hellebuyck with a rebound.
7:12 of 1st period - Wrist shot by Timo Meier.
7:12 of 1st period - Shot Blocked by Pius Suter.
7:26 of 1st period - Wrist shot by Connor McDavid.
7:26 of 1st period - Shot Blocked by Jeremy Lauzon.
7:28 of 1st period - Slapshot by Tyler Toffoli.
7:28 of 1st period - Stopped by Thatcher Demko with a rebound.
7:30 of 1st period - Slapshot by Kevin Shattenkirk.
7:30 of 1st period - Deflect By Mark Stone.
7:30 of 1st period - Stopped by Thatcher Demko with a rebound.
7:32 of 1st period - Snap shot by Tyler Toffoli.
7:32 of 1st period - Stopped by Thatcher Demko without a rebound.
7:33 of 1st period - Dylan Larkin wins face-off versus J.T. Miller in Calgary Flames zone.
8:00 of 1st period - Ryan McDonagh is hit by Mathew Barzal.
8:06 of 1st period - Wrist shot by Logan Couture.
8:06 of 1st period - Stopped by Connor Hellebuyck without a rebound.
8:07 of 1st period - Logan Couture wins face-off versus Nick Suzuki in Winnipeg Jets zone.
8:14 of 1st period - Snap shot by Valeri Nichushkin.
8:14 of 1st period - Stopped by Connor Hellebuyck with a rebound.
8:16 of 1st period - Minor Penalty to Aaron Ekblad for Holding.
8:17 of 1st period - Connor McDavid wins face-off versus Sebastian Aho in Winnipeg Jets zone.
9:42 of 1st period - Wrist shot by Jonathan Marchessault.
9:42 of 1st period - Stopped by Thatcher Demko with a rebound.
10:16 of 1st period - Penalty to Aaron Ekblad is over, Aaron Ekblad is back on ice.
10:46 of 1st period - Jacob Trouba is hit by Jeremy Lauzon and loses puck.
11:05 of 1st period - Snap shot by Mathew Barzal.
11:05 of 1st period - Shot Misses the Net.
11:07 of 1st period - Slapshot by Brandon Montour.
11:07 of 1st period - Stopped by Thatcher Demko without a rebound.
11:08 of 1st period - Connor McDavid wins face-off versus Nic Dowd in Calgary Flames zone.
11:28 of 1st period - Minor Penalty to Mark Stone for Holding.
11:29 of 1st period - J.T. Miller wins face-off versus Connor McDavid in Winnipeg Jets zone.
11:35 of 1st period - Slapshot by Timo Meier.
11:35 of 1st period - Shot Misses the Net.
11:37 of 1st period - Wrist shot by Timo Meier.
11:37 of 1st period - Shot Blocked by Seth Jones.
11:39 of 1st period - Snap shot by Sebastian Aho.
11:39 of 1st period - Stopped by Connor Hellebuyck with a rebound.
11:59 of 1st period - Seth Jones is hit by Logan Couture and loses puck.
13:28 of 1st period - Penalty to Mark Stone is over, Mark Stone is back on ice.
13:57 of 1st period - Wrist shot by Max Pacioretty.
13:57 of 1st period - Stopped by Connor Hellebuyck without a rebound.
13:58 of 1st period - Nic Dowd wins face-off versus Connor McDavid in Winnipeg Jets zone.
14:27 of 1st period - Snap shot by Mark Stone.
14:27 of 1st period - Stopped by Thatcher Demko without a rebound.
14:28 of 1st period - Dylan Larkin wins face-off versus Logan Couture in Calgary Flames zone.
14:37 of 1st period - Wrist shot by Tyler Toffoli.
14:37 of 1st period - Stopped by Thatcher Demko without a rebound.
14:38 of 1st period - J.T. Miller wins face-off versus Connor McDavid in Calgary Flames zone.
15:18 of 1st period - Wrist shot by Dylan Larkin.
15:18 of 1st period - Shot Misses the Net.
15:33 of 1st period - Off-side.
15:34 of 1st period - Connor McDavid wins face-off versus J.T. Miller in neutral zone.
15:47 of 1st period - Snap shot by Timo Meier.
15:47 of 1st period - Shot Misses the Net.
16:01 of 1st period - Seth Jones is hit by Logan Couture and loses puck.
16:14 of 1st period - Wrist shot by Valeri Nichushkin.
16:14 of 1st period - Deflect By Kevin Fiala.
16:14 of 1st period - Shot Misses the Net.
16:14 of 1st period - Puck is out of play.
16:15 of 1st period - Connor McDavid wins face-off versus Joel Eriksson Ek in Winnipeg Jets zone.
17:10 of 1st period - Wrist shot by Nick Suzuki.
17:10 of 1st period - Stopped by Thatcher Demko without a rebound.
17:11 of 1st period - Logan Couture wins face-off versus Nick Suzuki in Calgary Flames zone.
17:18 of 1st period - Slapshot by Kevin Fiala.
17:18 of 1st period - Shot Misses the Net.
17:20 of 1st period - Slapshot by Logan Couture.
17:20 of 1st period - Shot Misses the Net.
17:22 of 1st period - Slapshot by Jeff Petry.
17:22 of 1st period - Shot Misses the Net.
17:24 of 1st period - Slapshot by Travis Sanheim.
17:24 of 1st period - Shot Blocked by Aaron Ekblad.
17:26 of 1st period - Slapshot by Travis Sanheim.
17:26 of 1st period - Deflect By Aaron Ekblad.
17:26 of 1st period - Stopped by Connor Hellebuyck with a rebound.
17:28 of 1st period - Snap shot by Kevin Fiala.
17:28 of 1st period - Shot Misses the Net.
17:46 of 1st period - Snap shot by Connor McDavid.
17:46 of 1st period - Shot Blocked by J.T. Miller.
18:17 of 1st period - Icing by Ryan McDonagh.
18:18 of 1st period - Connor McDavid wins face-off versus Joel Eriksson Ek in Calgary Flames zone.
19:24 of 1st period - Off-side.
19:25 of 1st period - J.T. Miller wins face-off versus Connor McDavid in neutral zone.
Goals for this period are 0 for Winnipeg Jets vs 0 for Calgary Flames.
Shots for this period are 15 for Winnipeg Jets vs 11 for Calgary Flames.
2nd period
0:01 of 2nd period - Timo Meier wins face-off versus Connor McDavid in neutral zone.
0:06 of 2nd period - Wrist shot by Connor McDavid.
0:06 of 2nd period - Stopped by Thatcher Demko with a rebound.
0:08 of 2nd period - Slapshot by Seth Jones.
0:08 of 2nd period - Stopped by Thatcher Demko with a rebound.
0:16 of 2nd period - Wrist shot by Ryan Nugent-Hopkins.
0:16 of 2nd period - Deflect By Connor McDavid.
0:16 of 2nd period - Goal by Connor McDavid - Winnipeg Jets : 1 - Calgary Flames : 0.
0:17 of 2nd period - Connor McDavid wins face-off versus J.T. Miller in neutral zone.
0:22 of 2nd period - Snap shot by Connor McDavid.
0:22 of 2nd period - Shot Misses the Net.
0:24 of 2nd period - Snap shot by Connor McDavid.
0:24 of 2nd period - Stopped by Thatcher Demko with a rebound.
0:32 of 2nd period - Wrist shot by Andrew Copp.
0:32 of 2nd period - Shot Misses the Net.
0:34 of 2nd period - Slapshot by Connor McDavid.
0:34 of 2nd period - Deflect By Ryan Nugent-Hopkins.
0:34 of 2nd period - Shot Blocked by Drew Doughty.
0:34 of 2nd period - Puck is out of play.
0:35 of 2nd period - Dylan Larkin wins face-off versus Valeri Nichushkin in Calgary Flames zone.
0:38 of 2nd period - Slapshot by Mark Stone.
0:38 of 2nd period - Stopped by Thatcher Demko without a rebound.
0:39 of 2nd period - Tyler Toffoli wins face-off versus Logan Couture in Calgary Flames zone.
0:50 of 2nd period - Slapshot by Mark Stone.
0:50 of 2nd period - Shot Blocked by Drew Doughty.
2:35 of 2nd period - Kevin Shattenkirk is hit by J.T. Miller.
2:41 of 2nd period - Snap shot by Nick Suzuki.
2:41 of 2nd period - Stopped by Thatcher Demko with a rebound.
2:43 of 2nd period - Snap shot by Seth Jones.
2:43 of 2nd period - Stopped by Thatcher Demko without a rebound.
2:44 of 2nd period - Logan Couture wins face-off versus Dylan Larkin in Calgary Flames zone.
2:44 of 2nd period - Logan Couture is hit by Aaron Ekblad.
3:24 of 2nd period - Slapshot by Valeri Nichushkin.
3:24 of 2nd period - Stopped by Connor Hellebuyck without a rebound.
3:25 of 2nd period - Dylan Larkin wins face-off versus Timo Meier in Winnipeg Jets zone.
3:33 of 2nd period - Icing by John Klingberg.
3:34 of 2nd period - Dylan Larkin wins face-off versus J.T. Miller in Winnipeg Jets zone.
3:50 of 2nd period - Snap shot by Tyler Toffoli.
3:50 of 2nd period - Shot Misses the Net.
4:10 of 2nd period - Snap shot by J.T. Miller.
4:10 of 2nd period - Stopped by Connor Hellebuyck with a rebound.
4:12 of 2nd period - Snap shot by Timo Meier.
4:12 of 2nd period - Stopped by Connor Hellebuyck without a rebound.
4:13 of 2nd period - Ryan Nugent-Hopkins wins face-off versus Logan Couture in Winnipeg Jets zone.
4:45 of 2nd period - Snap shot by Kyle Palmieri.
4:45 of 2nd period - Stopped by Thatcher Demko without a rebound.
4:46 of 2nd period - Nick Suzuki wins face-off versus Joel Eriksson Ek in Calgary Flames zone.
5:19 of 2nd period - Wrist shot by Joel Eriksson Ek.
5:19 of 2nd period - Shot Blocked by Kyle Palmieri.
5:27 of 2nd period - Jeff Petry is hit by Kyle Palmieri and loses puck.
5:34 of 2nd period - Snap shot by Nick Suzuki.
5:34 of 2nd period - Stopped by Thatcher Demko with a rebound.
5:36 of 2nd period - Slapshot by Jacob Trouba.
5:36 of 2nd period - Stopped by Thatcher Demko without a rebound.
5:37 of 2nd period - J.T. Miller wins face-off versus Connor McDavid in Calgary Flames zone.
5:37 of 2nd period - J.T. Miller is hit by Seth Jones.
5:52 of 2nd period - Minor Penalty to Connor McDavid for Holding.
5:53 of 2nd period - J.T. Miller wins face-off versus Ryan Nugent-Hopkins in Winnipeg Jets zone.
6:23 of 2nd period - Snap shot by Kevin Fiala.
6:23 of 2nd period - Shot Misses the Net.
6:25 of 2nd period - Wrist shot by Logan Couture.
6:25 of 2nd period - Shot Blocked by Seth Jones.
6:27 of 2nd period - Snap shot by Ryan McDonagh.
6:27 of 2nd period - Shot Misses the Net.
6:29 of 2nd period - Snap shot by Logan Couture.
6:29 of 2nd period - Goal by Logan Couture - Winnipeg Jets : 1 - Calgary Flames : 1.
6:30 of 2nd period - Dylan Larkin wins face-off versus J.T. Miller in neutral zone.
6:53 of 2nd period - Minor Penalty to J.T. Miller for Holding.
6:54 of 2nd period - Connor McDavid wins face-off versus Max Pacioretty in Calgary Flames zone.
7:43 of 2nd period - Andrew Copp is hit by Ryan McDonagh and loses puck.
8:46 of 2nd period - Mark Stone is hit by Timo Meier and loses puck.
8:53 of 2nd period - Penalty to J.T. Miller is over, J.T. Miller is back on ice.
9:00 of 2nd period - Icing by Jeff Petry.
9:01 of 2nd period - Nick Suzuki wins face-off versus Joel Eriksson Ek in Calgary Flames zone.
9:05 of 2nd period - Minor Penalty to Jeremy Lauzon for Holding Stick.
9:06 of 2nd period - Connor McDavid wins face-off versus J.T. Miller in Calgary Flames zone.
9:32 of 2nd period - Sebastian Aho is hit by Dylan Larkin and loses puck.
9:59 of 2nd period - Timo Meier is hit by Andrew Copp and loses puck.
10:50 of 2nd period - Tyler Toffoli is hit by Max Pacioretty and loses puck.
11:05 of 2nd period - Penalty to Jeremy Lauzon is over, Jeremy Lauzon is back on ice.
11:15 of 2nd period - Ryan McDonagh is hit by Mathew Barzal and loses puck.
11:28 of 2nd period - Off-side.
11:29 of 2nd period - Connor McDavid wins face-off versus Logan Couture in neutral zone.
11:57 of 2nd period - Minor Penalty to Sebastian Aho for High sticking.
11:58 of 2nd period - J.T. Miller wins face-off versus Connor McDavid in Calgary Flames zone.
13:27 of 2nd period - Minor Penalty to Dylan Larkin for Tripping.
13:28 of 2nd period - Connor McDavid wins face-off versus Joel Eriksson Ek in Winnipeg Jets zone.
13:35 of 2nd period - Backhand shot by Connor McDavid.
13:35 of 2nd period - Shot Blocked by Drew Doughty.
13:57 of 2nd period - Penalty to Sebastian Aho is over, Sebastian Aho is back on ice.
14:01 of 2nd period - Slapshot by Jeff Petry.
14:01 of 2nd period - Shot Blocked by Jonathan Marchessault.
15:01 of 2nd period - Snap shot by Travis Sanheim.
15:01 of 2nd period - Shot Misses the Net.
15:03 of 2nd period - Snap shot by Kevin Fiala.
15:03 of 2nd period - Shot Misses the Net.
15:05 of 2nd period - Slapshot by Jeff Petry.
15:05 of 2nd period - Stopped by Connor Hellebuyck without a rebound.
15:06 of 2nd period - Logan Couture wins face-off versus Jonathan Marchessault in Winnipeg Jets zone.
15:25 of 2nd period - Snap shot by J.T. Miller.
15:25 of 2nd period - Stopped by Connor Hellebuyck without a rebound.
15:26 of 2nd period - J.T. Miller wins face-off versus Jonathan Marchessault in Winnipeg Jets zone.
15:27 of 2nd period - Penalty to Dylan Larkin is over, Dylan Larkin is back on ice.
15:33 of 2nd period - Sebastian Aho is hit by Jacob Trouba and loses puck.
16:07 of 2nd period - Minor Penalty to J.T. Miller for High sticking.
16:08 of 2nd period - Connor McDavid wins face-off versus Max Pacioretty in Calgary Flames zone.
18:07 of 2nd period - Penalty to J.T. Miller is over, J.T. Miller is back on ice.
18:29 of 2nd period - Snap shot by J.T. Miller.
18:29 of 2nd period - Stopped by Connor Hellebuyck without a rebound.
18:30 of 2nd period - Nick Suzuki wins face-off versus Nic Dowd in Winnipeg Jets zone.
18:43 of 2nd period - Slapshot by Garnet Hathaway.
18:43 of 2nd period - Stopped by Connor Hellebuyck with a rebound.
18:45 of 2nd period - Snap shot by Max Pacioretty.
18:45 of 2nd period - Shot Misses the Net.
19:02 of 2nd period - Slapshot by Joel Eriksson Ek.
19:02 of 2nd period - Shot Misses the Net.
19:12 of 2nd period - Kevin Shattenkirk is hit by Joel Eriksson Ek and loses puck.
19:30 of 2nd period - Slapshot by Zach Hyman.
19:30 of 2nd period - Shot Misses the Net.
19:32 of 2nd period - Snap shot by Mathieu Joseph.
19:32 of 2nd period - Shot Misses the Net.
19:34 of 2nd period - Wrist shot by Zach Hyman.
19:34 of 2nd period - Shot Misses the Net.
19:40 of 2nd period - Snap shot by Joel Eriksson Ek.
19:40 of 2nd period - Stopped by Connor Hellebuyck without a rebound.
19:41 of 2nd period - Timo Meier wins face-off versus Dylan Larkin in Winnipeg Jets zone.
19:54 of 2nd period - Slapshot by Aaron Ekblad.
19:54 of 2nd period - Shot Misses the Net.
Goals for this period are 1 for Winnipeg Jets vs 1 for Calgary Flames.
Shots for this period are 10 for Winnipeg Jets vs 9 for Calgary Flames.
3rd period
0:01 of 3rd period - J.T. Miller wins face-off versus Connor McDavid in neutral zone.
0:10 of 3rd period - Snap shot by Ryan Nugent-Hopkins.
0:10 of 3rd period - Stopped by Thatcher Demko without a rebound.
0:11 of 3rd period - Connor McDavid wins face-off versus J.T. Miller in Calgary Flames zone.
0:36 of 3rd period - Minor Penalty to Drew Doughty for Elbowing.
0:37 of 3rd period - Connor McDavid wins face-off versus J.T. Miller in Calgary Flames zone.
1:35 of 3rd period - Icing by Jacob Trouba.
1:36 of 3rd period - Connor McDavid wins face-off versus J.T. Miller in Winnipeg Jets zone.
1:43 of 3rd period - Slapshot by Tyler Toffoli.
1:43 of 3rd period - Stopped by Thatcher Demko with a rebound.
2:36 of 3rd period - Penalty to Drew Doughty is over, Drew Doughty is back on ice.
2:43 of 3rd period - Kyle Palmieri is hit by Sebastian Aho and loses puck.
2:48 of 3rd period - Wrist shot by Drew Doughty.
2:48 of 3rd period - Deflect By Kyle Palmieri.
2:48 of 3rd period - Stopped by Connor Hellebuyck without a rebound.
2:49 of 3rd period - Logan Couture wins face-off versus Kyle Palmieri in Winnipeg Jets zone.
3:18 of 3rd period - Slapshot by Nick Suzuki.
3:18 of 3rd period - Deflect By Joel Eriksson Ek.
3:18 of 3rd period - Stopped by Thatcher Demko with a rebound.
4:29 of 3rd period - Wrist shot by Sebastian Aho.
4:29 of 3rd period - Shot Blocked by John Klingberg.
5:15 of 3rd period - Snap shot by Garnet Hathaway.
5:15 of 3rd period - Shot Blocked by Kyle Palmieri.
6:18 of 3rd period - Snap shot by Sebastian Aho.
6:18 of 3rd period - Deflect By John Klingberg.
6:18 of 3rd period - Shot Blocked by Nick Suzuki.
6:18 of 3rd period - Puck is out of play.
6:19 of 3rd period - J.T. Miller wins face-off versus Nick Suzuki in Winnipeg Jets zone.
6:42 of 3rd period - Snap shot by Nick Suzuki.
6:42 of 3rd period - Stopped by Thatcher Demko with a rebound.
6:44 of 3rd period - Wrist shot by Mathew Barzal.
6:44 of 3rd period - Stopped by Thatcher Demko without a rebound.
6:45 of 3rd period - Logan Couture wins face-off versus Connor McDavid in Calgary Flames zone.
6:54 of 3rd period - Snap shot by Ryan Nugent-Hopkins.
6:54 of 3rd period - Shot Misses the Net.
7:12 of 3rd period - Dylan Larkin is hit by J.T. Miller and loses puck.
7:50 of 3rd period - J.T. Miller is hit by Kyle Palmieri.
8:06 of 3rd period - Backhand shot by J.T. Miller.
8:06 of 3rd period - Stopped by Connor Hellebuyck without a rebound.
8:07 of 3rd period - Logan Couture wins face-off versus Dylan Larkin in Winnipeg Jets zone.
8:14 of 3rd period - Snap shot by Valeri Nichushkin.
8:14 of 3rd period - Shot Misses the Net.
8:57 of 3rd period - Icing by Nick Suzuki.
8:58 of 3rd period - Nick Suzuki wins face-off versus Nic Dowd in Winnipeg Jets zone.
9:09 of 3rd period - Wrist shot by Mathew Barzal.
9:09 of 3rd period - Stopped by Thatcher Demko with a rebound.
9:11 of 3rd period - Wrist shot by Kyle Palmieri.
9:11 of 3rd period - Stopped by Thatcher Demko without a rebound.
9:12 of 3rd period - Connor McDavid wins face-off versus J.T. Miller in Calgary Flames zone.
9:20 of 3rd period - Minor Penalty to Aaron Ekblad for Roughing.
9:21 of 3rd period - Connor McDavid wins face-off versus J.T. Miller in Winnipeg Jets zone.
9:51 of 3rd period - Icing by Kevin Fiala.
9:52 of 3rd period - Logan Couture wins face-off versus Connor McDavid in Calgary Flames zone.
9:59 of 3rd period - Snap shot by Sebastian Aho.
9:59 of 3rd period - Stopped by Connor Hellebuyck without a rebound.
10:00 of 3rd period - Sebastian Aho wins face-off versus Connor McDavid in Winnipeg Jets zone.
10:05 of 3rd period - Slapshot by Sebastian Aho.
10:05 of 3rd period - Stopped by Connor Hellebuyck without a rebound.
10:06 of 3rd period - Connor McDavid wins face-off versus J.T. Miller in Winnipeg Jets zone.
10:06 of 3rd period - Connor McDavid is hit by Timo Meier.
11:20 of 3rd period - Penalty to Aaron Ekblad is over, Aaron Ekblad is back on ice.
11:42 of 3rd period - Slapshot by Ryan McDonagh.
11:42 of 3rd period - Stopped by Connor Hellebuyck without a rebound.
11:43 of 3rd period - Nick Suzuki wins face-off versus Nic Dowd in Winnipeg Jets zone.
11:43 of 3rd period - Nick Suzuki is hit by Nic Dowd.
11:50 of 3rd period - Seth Jones is hit by Jeff Petry and loses puck.
11:53 of 3rd period - Slapshot by Kyle Palmieri.
11:53 of 3rd period - Stopped by Thatcher Demko without a rebound.
11:54 of 3rd period - J.T. Miller wins face-off versus Andrew Copp in Calgary Flames zone.
12:03 of 3rd period - Snap shot by J.T. Miller.
12:03 of 3rd period - Stopped by Connor Hellebuyck with a rebound.
12:05 of 3rd period - Slapshot by Travis Sanheim.
12:05 of 3rd period - Stopped by Connor Hellebuyck with a rebound.
12:07 of 3rd period - Snap shot by Travis Sanheim.
12:07 of 3rd period - Stopped by Connor Hellebuyck without a rebound.
12:08 of 3rd period - J.T. Miller wins face-off versus Connor McDavid in Winnipeg Jets zone.
12:26 of 3rd period - Icing by Sebastian Aho.
12:27 of 3rd period - Dylan Larkin wins face-off versus Sebastian Aho in Calgary Flames zone.
12:42 of 3rd period - Slapshot by J.T. Miller.
12:42 of 3rd period - Shot Misses the Net.
12:44 of 3rd period - Wrist shot by Drew Doughty.
12:44 of 3rd period - Stopped by Connor Hellebuyck with a rebound.
12:46 of 3rd period - Wrist shot by Timo Meier.
12:46 of 3rd period - Shot Misses the Net.
12:48 of 3rd period - Slapshot by Ryan McDonagh.
12:48 of 3rd period - Stopped by Connor Hellebuyck without a rebound.
12:49 of 3rd period - Logan Couture wins face-off versus Connor McDavid in Winnipeg Jets zone.
12:50 of 3rd period - Slapshot by Valeri Nichushkin.
12:50 of 3rd period - Stopped by Connor Hellebuyck with a rebound.
12:52 of 3rd period - Wrist shot by Travis Sanheim.
12:52 of 3rd period - Stopped by Connor Hellebuyck without a rebound.
12:53 of 3rd period - Connor McDavid wins face-off versus Logan Couture in Winnipeg Jets zone.
12:58 of 3rd period - Jeff Petry is hit by Ryan Nugent-Hopkins.
13:21 of 3rd period - Backhand shot by Dylan Larkin.
13:21 of 3rd period - Stopped by Thatcher Demko without a rebound.
13:22 of 3rd period - Dylan Larkin wins face-off versus Timo Meier in Calgary Flames zone.
13:23 of 3rd period - Wrist shot by Tyler Toffoli.
13:23 of 3rd period - Stopped by Thatcher Demko without a rebound.
13:24 of 3rd period - Dylan Larkin wins face-off versus J.T. Miller in Calgary Flames zone.
13:25 of 3rd period - Snap shot by Tyler Toffoli.
13:25 of 3rd period - Stopped by Thatcher Demko without a rebound.
13:26 of 3rd period - J.T. Miller wins face-off versus Dylan Larkin in Calgary Flames zone.
13:33 of 3rd period - Wrist shot by J.T. Miller.
13:33 of 3rd period - Shot Blocked by Seth Jones.
13:52 of 3rd period - Snap shot by Sebastian Aho.
13:52 of 3rd period - Stopped by Connor Hellebuyck with a rebound.
13:54 of 3rd period - Wrist shot by J.T. Miller.
13:54 of 3rd period - Stopped by Connor Hellebuyck with a rebound.
13:56 of 3rd period - Snap shot by Sebastian Aho.
13:56 of 3rd period - Stopped by Connor Hellebuyck without a rebound.
13:57 of 3rd period - Logan Couture wins face-off versus Connor McDavid in Winnipeg Jets zone.
14:00 of 3rd period - Snap shot by Logan Couture.
14:00 of 3rd period - Deflect By Valeri Nichushkin.
14:00 of 3rd period - Shot Blocked by Jacob Trouba.
14:00 of 3rd period - Puck is out of play.
14:01 of 3rd period - Logan Couture wins face-off versus Connor McDavid in Winnipeg Jets zone.
14:51 of 3rd period - Snap shot by Timo Meier.
14:51 of 3rd period - Shot Blocked by Aaron Ekblad.
15:10 of 3rd period - Icing by Aaron Ekblad.
15:11 of 3rd period - Dylan Larkin wins face-off versus Joel Eriksson Ek in Winnipeg Jets zone.
15:20 of 3rd period - Slapshot by Mathew Barzal.
15:20 of 3rd period - Shot Blocked by Joel Eriksson Ek.
15:36 of 3rd period - Zach Hyman is hit by Aaron Ekblad and loses puck.
15:45 of 3rd period - Slapshot by Nick Suzuki.
15:45 of 3rd period - Shot Misses the Net.
16:12 of 3rd period - Slapshot by Mathew Barzal.
16:12 of 3rd period - Stopped by Thatcher Demko with a rebound.
17:03 of 3rd period - Snap shot by Nick Suzuki.
17:03 of 3rd period - Deflect By Kyle Palmieri.
17:03 of 3rd period - Shot Blocked by Ryan McDonagh.
17:03 of 3rd period - Puck is out of play.
17:04 of 3rd period - Nic Dowd wins face-off versus Pius Suter in Calgary Flames zone.
17:29 of 3rd period - Sebastian Aho is hit by Dylan Larkin and loses puck.
17:41 of 3rd period - Off-side.
17:42 of 3rd period - Pius Suter wins face-off versus Nic Dowd in neutral zone.
17:57 of 3rd period - Wrist shot by Jonathan Marchessault.
17:57 of 3rd period - Shot Misses the Net.
18:34 of 3rd period - Ryan Ellis is hit by Mark Stone and loses puck.
18:55 of 3rd period - Brandon Montour is hit by Sebastian Aho and loses puck.
19:32 of 3rd period - Slapshot by Brandon Montour.
19:32 of 3rd period - Deflect By Timo Meier.
19:32 of 3rd period - Stopped by Thatcher Demko with a rebound.
Goals for this period are 0 for Winnipeg Jets vs 0 for Calgary Flames.
Shots for this period are 13 for Winnipeg Jets vs 15 for Calgary Flames.
Overtime #1
0:01 of 1st overtime period - Connor McDavid wins face-off versus J.T. Miller in neutral zone.
0:48 of 1st overtime period - Slapshot by Mathew Barzal.
0:48 of 1st overtime period - Goal by Mathew Barzal - Winnipeg Jets : 2 - Calgary Flames : 1.
Goals for this period are 1 for Winnipeg Jets vs 0 for Calgary Flames.
Shots for this period are 1 for Winnipeg Jets vs 0 for Calgary Flames.
Back to the Top